 Dungeon Crawl Stone Soup version 0.27-a0-1273-gec92ba881d (webtiles) character file.

Game seed: 11822481064677205413

2 senseless the Caller (level 1, -2/7 HPs)
             Began as a Felid Summoner on June 11, 2021.
             Slain by a kobold
             ... wielding a +0 short sword
              (6 damage)
             ... on level 1 of the Dungeon.
             The game lasted 00:01:46 (136 turns).

senseless the Caller (Felid Summoner)                Turns: 136, Time: 00:01:46

Health: -2/7       AC:  1    Str:  4    XL:     1   Next: 25%
Magic:  0/4        EV: 17    Int: 16    God:
Gold:   25         SH:  0    Dex: 16    Spells: 3/4 levels left
                                        Lives:  0   Deaths: 0

rFire    . . .     SeeInvis +   (weapon unavailable)
rCold    . . .     Faith    .   (shield unavailable)
rNeg     . . .     Spirit   .   (armour unavailable)
rPois    .         Reflect  .   (helmet unavailable)
rElec    .         Harm     .   (cloak unavailable)
rCorr    .         Rampage  .   (gloves unavailable)
Will     .....                  (boots unavailable)
Stlth    ++........             (no amulet)
HPRegen  0.02/turn              (no ring)
MPRegen  0.09/turn              (no ring)

@: quick
A: very small, claws 1, fangs 3, see invisible, speed 1, shaggy fur 1, stealthy
paws, no weapons or thrown items, no armour, multi-lived
a: no special abilities


You were on level 1 of the Dungeon.
You visited 1 branch of the dungeon, and saw 1 of its levels.

You collected 25 gold pieces.

You aren't carrying anything.


   Skills:
 + Level 2.6 Dodging
 + Level 2.6 Stealth
 + Level 2.0 Spellcasting
 + Level 4.0 Summonings


You had 3 spell levels left.
You knew the following spells:

 Your Spells              Type           Power      Damage    Failure   Level
a - Summon Small Mammal   Summ           56%        N/A       3%          1

Your spell library contained the following spells:

 Spells                   Type           Power      Damage    Failure   Level
 Call Imp                 Summ           14%        N/A       6%          2
 Call Canine Familiar     Summ           14%        N/A       12%         3
 Summon Guardian Golem    Hex/Summ       8%         N/A       26%         3
 Summon Ice Beast         Ice/Summ       8%         N/A       65%         4
 Summon Lightning Spire   Summ/Air       8%         N/A       65%         4


Dungeon Overview and Level Annotations

Branches:
Dungeon (1/15)

Altars:


Innate Abilities, Weirdness & Mutations

You have sharp claws.
You have razor-sharp teeth.
You have supernaturally acute eyesight. (SInv)
You cover ground quickly. (Speed+)
You are covered in fur. (AC +1)
Your paws help you pounce on unaware monsters.
You are incapable of wielding weapons or throwing items.
You cannot wear armour.
You gain extra lives every three experience levels.


Message History

You barely miss the hobgoblin.
The hobgoblin is heavily wounded.
Your bat misses the hobgoblin.
Your rat barely misses the hobgoblin.
The hobgoblin closely misses you.
You scratch the hobgoblin.
The hobgoblin is severely wounded.
Your bat hits the hobgoblin.
Your rat barely misses the hobgoblin.
The hobgoblin misses your bat.
You scratch the hobgoblin but do no damage.
The hobgoblin is almost dead.
Your bat hits the hobgoblin but does no damage.
Your rat closely misses the hobgoblin.
The hobgoblin completely misses you. The hobgoblin closely misses your rat.
You closely miss the hobgoblin.
The hobgoblin is almost dead.
Your bat closely misses the hobgoblin.
Your rat misses the hobgoblin. The hobgoblin barely misses you.
The hobgoblin hits your rat.
Your bat hits the hobgoblin but does no damage.
The kobold throws a stone.
The stone barely misses your rat.
The stone hits the hobgoblin.
The hobgoblin dies!
Your rat closely misses the hobgoblin.
The hobgoblin hits your rat.
Your rat dies!
Your rat's corpse disappears in a puff of smoke!
The hobgoblin completely misses your bat.
Your bat misses the kobold.
The kobold throws a stone.
The stone closely misses you. The hobgoblin closely misses your bat.
Your bat completely misses the kobold.
Your quokka bites the hobgoblin.
Your magical contamination has completely faded away.
Your bat barely misses the kobold.
Your quokka barely misses the hobgoblin.
You completely miss the kobold. Your bat hits the hobgoblin.
Your quokka closely misses the hobgoblin.
The kobold hits you with a +0 short sword.
Your quokka closely misses the hobgoblin.
You barely miss the kobold. The hobgoblin hits your bat.
A goblin comes into view. It is wielding a +0 dagger.
The kobold hits you with a +0 short sword.
Ouch! That really hurt!
You die...

#........#
#.....g.#
#......#
#.....#
#.....#
8..#...r.#
.#....g.###
#......bK.#
##+#####@.#
#..# #..#
####..####
#........#
########.#
###### #
#...#
#.....
#.###
#.≈.######
# #...#
#.≈.#.§.§.


You could see a hobgoblin (ally target), a goblin, a kobold (ally target), a
friendly quokka (summoned) and a friendly bat (summoned).

Vanquished Creatures (collateral kills)
  A bat (D:1)
1 creature vanquished.

Vanquished Creatures (others)
  A hobgoblin (D:1)
1 creature vanquished.

Grand Total: 2 creatures vanquished

Notes
Turn   | Place    | Note
-------+----------+-------------------------------------------
     0 | D:1      | senseless the Felid Summoner began the quest for the Orb.
     0 | D:1      | Reached XP level 1. HP: 7/7 MP: 4/4
   136 | D:1      | Slain by a kobold

Illustrated notes

Levels and vault maps discovered:
D:1:      lightli_arrival_isolated_outpost, layout_basic,
          shapermc_ecumenical_altar_venn, bh_walls_and_bars

Action                   || total
-------------------------++-------
Melee: Unarmed           ||     9
 Cast: Summon Small Mamm ||     7
Armor: Skin              ||     1
Dodge: Dodged            ||    11

Table legend: (Time is in decaauts)
 A = Elapsed time spent in this place.
 B = Non-inter-level travel time spent in this place.
 C = Inter-level travel time spent in this place.
 D = Time resting spent in this place.
 E = Time spent auto-exploring this place.
 F = Levels seen in this place.
 G = Mean time per level.
                   A        B        C        D        E       F      G
               +--------+--------+--------+--------+--------+-----+--------+
         Total |    124 |    124 |      0 |      0 |     94 |   1 |  124.0 |
       Dungeon |    124 |    124 |      0 |      0 |     94 |   1 |  124.0 |
               +--------+--------+--------+--------+--------+-----+--------+

Top non-repeatable levels by time:
     D:1: 124 daAuts
